 Dungeon Crawl Stone Soup version 0.30.1-11-g7821555f0a (webtiles) character file.

Game seed: 9417813923322698923

44 SacredBeard the Trooper (level 3, -2/33 HPs)
             Began as a Hill Orc Fighter on Nov 8, 2023.
             Slain by Sigmund
             ... wielding a +0 scythe
              (4 damage)
             ... on level 2 of the Dungeon.
             The game lasted 00:02:52 (1035 turns).

SacredBeard the Trooper (Hill Orc Fighter)          Turns: 1035, Time: 00:02:53

Health: -2/33      AC: 13    Str: 20    XL:     3   Next: 60%
Magic:  3/3        EV:  8    Int:  8    God:
Gold:   57         SH:  4    Dex: 10    Spells: 2/2 levels left

rFire   . . .        a - +0 war axe
rCold   . . .        c - +0 buckler
rNeg    . . .        b - +3 chain mail
rPois   .            (no helmet)
rElec   .            (no cloak)
rCorr   .            m - +0 pair of gloves
SInv    .            (no boots)
Will    .....        (no amulet) Stlth
                     (no ring)
HPRegen 0.25/turn    (no ring)
MPRegen 0.08/turn

%: no passive effects
@: mighty
A: no striking features
a: no special abilities


You were on level 2 of the Dungeon.
You visited 1 branch of the dungeon, and saw 2 of its levels.

You collected 57 gold pieces.

Inventory:

Hand Weapons
 a - a +0 war axe (weapon)
Missiles
 h - 13 stones (quivered)
 s - 6 poisoned darts
Armour
 b - a +3 chain mail (worn)
 c - a +0 buckler (worn)
 l - a +0 plate armour
 m - a +0 pair of gloves (worn)
Scrolls
 e - 5 scrolls of identify {unknown}
 g - a scroll of poison {unknown}
 i - 2 scrolls of teleportation {unknown}
 k - a scroll of butterflies {unknown}
 o - a scroll of amnesia {unknown}
 p - a scroll of enchant armour {unknown}
 q - a scroll of blinking {unknown}
 r - a scroll of fog {unknown}
Potions
 f - a potion of heal wounds {unknown}
 j - a potion of flight {unknown}
 n - a potion of degeneration {unknown}


   Skills:
 + Level 3.9 Fighting
 * Level 3.6 Axes
 + Level 0.3 Throwing
 + Level 3.6 Armour
 + Level 0.7 Dodging
 + Level 3.6 Shields


You had 2 spell levels left.
You didn't know any spells.
Your spell library was empty.

Dungeon Overview and Level Annotations

Branches:
Dungeon (2/15) Zot: 10931

Altars:

Annotations:
D:2 Sigmund


Message History

You closely miss the frilled lizard.
The frilled lizard bites you but does no damage. x2
You hit the frilled lizard.
You kill the frilled lizard!
No target in view!
No target in view!
There is a stone staircase leading down here.
You see here a frilled lizard corpse.
Sigmund the Dreaded comes into view.
He is wielding a +0 scythe.
Sigmund shouts!
You see here 13 gold pieces.
Sigmund casts a spell.
Sigmund flickers and vanishes!
Deactivating autopickup; reactivate with Ctrl-A.
No target in view!
No target in view!
Something hits you but does no damage.
You slash something!
You hear some strange, mumbled words.
A magic dart appears from out of thin air!
The magic dart hits you. Something hits you but does no damage.
You closely miss something. Something hits you but does no damage.
You slash something! You barely miss something.
You hear some strange, mumbled words.
A magic dart appears from out of thin air!
The magic dart hits you.
You miss something. Something hits you but does no damage.
You hit something. Something hits you but does no damage.
You closely miss something. Something hits you!
You barely miss something. Something hits you!
* * * LOW HITPOINT WARNING * * *
You barely miss something.
You feel very mighty all of a sudden. Something hits you but does no damage.
You closely miss something. Something hits you!
* * * LOW HITPOINT WARNING * * *
You miss something. You block something's attack.
You closely miss something. Something hits you.
You die...

##############
#....{@...$>.#
#.##########.# #.#
### #.# ##.## #.# #
##.#.###.#.#######
#.###............##
##.#.###.#.........
##.## #.#######.##


There were no monsters in sight!

Vanquished Creatures
  An adder (D:2)
  5 ball pythons
  A bat (D:2)
  3 endoplasms (D:1)
  A giant cockroach (D:2)
  5 goblins (D:1)
  A hobgoblin (D:1)
  4 jackals (D:1)
  5 frilled lizards
  3 kobolds
  2 rats
31 creatures vanquished.

Notes
Turn   | Place    | Note
-------+----------+-------------------------------------------
     0 | D:1      | SacredBeard the Hill Orc Fighter began the quest for the
                  | Orb.
     0 | D:1      | Reached XP level 1. HP: 19/19 MP: 1/1
    30 | D:1      | Reached XP level 2. HP: 16/27 MP: 2/2
   364 | D:1      | Reached XP level 3. HP: 32/33 MP: 3/3
  1018 | D:2      | Noticed Sigmund
  1033 | D:2      | HP: 1/33 [something (9)]
  1035 | D:2      | Slain by Sigmund

Illustrated notes

Levels and vault maps discovered:
D:1:      pf_arrival_petrified_forest, layout_rooms
D:2:      layout_loops_ring, chequers_serial_rivers_micro_e, minmay_hexomino_u4,
          uniq_sigmund

Skill      XL: |  1 |
---------------+----+-----
Axes           | 3 |  3.6
Fighting       | |  3.9
Throwing       | |  0.3
Armour         | |  3.6
Dodging        | |  0.7
Shields        | |  3.6

Action                     || total
---------------------------++-------
  Melee: War axe           ||    87
    Use: Potion            ||     1
 Armour: Scale mail        ||    12
         Chain mail        ||    30
  Dodge: Dodged            ||    29
  Block: Buckler           ||    19
